 Dungeon Crawl Stone Soup version 0.31-a0-1027-gfb7600b534 (webtiles) character file.

Game seed: 5871444763550265602

15083422 Jannitor the Conqueror (level 27, 273/273 HPs)
             Began as a Hill Orc Delver on Nov 14, 2023.
             Was the Champion of the Shining One.
             Escaped with the Orb
             ... and 15 runes on Nov 18, 2023!
             The game lasted 03:43:25 (104003 turns).

Jannitor the Conqueror (Hill Orc Delver)          Turns: 104003, Time: 03:43:26

Health: 273/273    AC: 52    Str: 35      XL:     27
Magic:  40/40      EV: 18    Int:  9      God:    the Shining One [******]
Gold:   13267      SH: 32    Dex: 13 (15) Spells: 26/26 levels left

rFire   + + .        a - +9 broad axe (holy)
rCold   + . .        W - +8 tower shield {AC+3}
rNeg    + + +        R - +9 scales of the Dragon King {rPois rF+ rC+ Will+}
rPois   +            (helmet restricted)
rElec   +            z - +4 dragonskin cloak
rCorr   +            v - +1 pair of gloves of Articulation {rElec Will+ Regen+ rCorr}
SInv    +            e - +2 pair of boots {rampage}
Will    +++++        l - amulet of Untruth {rElec Regen+ Str+6}
Stlth   x              - ring of Vapat {Fly rF+ rN+ Will+ Slay+3 SInv}
HPRegen 2.25/turn    C - ring of resist corrosion
MPRegen 0.27/turn

%: rampage
@: flying, glowing, studying 4 skills
A: horns 1, strong 1
0: Orb of Zot
}: 15/15 runes: decaying, serpentine, slimy, silver, golden, iron, obsidian,
icy, bone, abyssal, demonic, glowing, magical, fiery, dark
a: Renounce Religion, Divine Shield, Cleansing Flame, Summon Divine Warrior


You escaped.
You worshipped the Shining One.
The Shining One was exalted by your worship.
You visited 18 branches of the dungeon, and saw 88 of its levels.
You visited Pandemonium 1 time, and saw 11 of its levels.
You visited the Abyss 2 times.
You also visited: Trove, Gauntlet, Ice Cave and Wizlab.

You collected 16471 gold pieces.
You spent 2670 gold pieces at shops.
You donated 534 gold pieces to Zin.

Inventory:

Hand Weapons
 a - a +9 broad axe of holy wrath (weapon)
 b - the +3 greatsling "Punk" {acid, rCorr}
   (You found it on level 3 of the Elven Halls)

   rCorr:     It protects you from acid and corrosion.
 n - the +8 Wrath of Trog {antimagic, *Rage Rampage}
   (You took it off an ancient champion on level 7 of the Iron City of Dis)

   It causes slowness and exhaustion when equipped.
   It extends the wielder's berserk rage when killing foes.
   *Rage:     It berserks you when you make melee attacks (+50% chance).
   Rampage:   It bestows one free step when moving towards enemies.
 s - the +7 hand cannon "Mule" {flame, backblast, rF+}
   (You found it in a treasure trove)

   rF+:       It protects you from fire.
Armour
 e - a +2 pair of boots of rampaging (worn)
 m - a +2 helmet of see invisible
 v - the +1 pair of gloves of Articulation (worn) {rElec Will+ Regen+ rCorr}
   (You found it in Pandemonium)

   rElec:     It insulates you from electricity.
   Will+:     It increases your willpower.
   Regen+:    It increases your rate of health regeneration.
   rCorr:     It protects you from acid and corrosion.
 z - the +4 dragonskin cloak (worn)
   (You took it off Tiamat on level 2 of the Realm of Zot)

   Avatar's Aegis: It grants the wearer a chance to resist fire, cold, poison,
   electricity, acid, and negative energy.
 M - the +3 pair of gloves of the Circus Animal {-Cast rElec rC+}
   (You found it on level 3 of the Elven Halls)

   rC+:       It protects you from cold.
   rElec:     It insulates you from electricity.
   -Cast:     It prevents spellcasting.
 R - the +9 scales of the Dragon King (worn) {rPois rF+ rC+ Will+}
   (You found it on level 3 of the Elven Halls)

   rF+:       It protects you from fire.
   rC+:       It protects you from cold.
   rPois:     It protects you from poison Will+: It increases your willpower.
 W - a +8 tower shield of protection (worn)
Jewellery
 l - the amulet of Untruth (around neck) {rElec Regen+ Str+6}
   (You found it on level 7 of the Iron City of Dis)

   [amulet of regeneration]

   Str+6:     It affects your strength (+6).
   rElec:     It insulates you from electricity.
   Regen+:    It increases your rate of health regeneration.
 x - the ring of Vapat (left hand) {Fly rF+ rN+ Will+ Slay+3 SInv}
   (You bought it in a shop on level 1 of the Snake Pit)

   [ring of see invisible]

   Slay+3:    It affects your accuracy & damage with ranged weapons and melee
   (+3).
   rF+:       It protects you from fire.
   rN+:       It protects you from negative energy.
   Will+:     It increases your willpower.
   SInv:      It lets you see invisible.
   Fly:       It grants you flight.
 C - a ring of resist corrosion (right hand)
 H - a +4 ring of slaying
 Y - the ring of Atheism {rElec rF+ Str+3 Int+6 Dex-3}
   (You found it on level 3 of the Depths)

   [ring of intelligence]

   Str+3:     It affects your strength (+3).
   Int+6:     It affects your intelligence (+6).
   Dex-3:     It affects your dexterity (-3).
   rF+:       It protects you from fire.
   rElec:     It insulates you from electricity.
Wands
 i - a wand of charming (36)
 t - a wand of roots (87)
 E - a wand of acid (42)
 O - a wand of mindburst (67)
 P - a wand of flame (170)
 Z - a wand of digging (39)
Scrolls
 c - 5 scrolls of fog
 d - 12 scrolls of teleportation
 g - a scroll of enchant armour
 q - 11 scrolls of fear
 w - 4 scrolls of revelation
 y - 10 scrolls of immolation
 A - 12 scrolls of poison
 D - 42 scrolls of identify
 G - 3 scrolls of brand weapon
 I - 14 scrolls of vulnerability
 L - 6 scrolls of blinking
 Q - 2 scrolls of butterflies
 V - 4 scrolls of silence
Potions
 f - 3 potions of lignification
 k - 2 potions of might
 o - 11 potions of enlightenment
 p - 13 potions of attraction
 r - 3 potions of invisibility
 B - 11 potions of mutation
 F - 10 potions of brilliance
 J - 24 potions of curing
 K - a potion of ambrosia
 N - 7 potions of berserk rage
 U - 4 potions of magic
 X - a potion of resistance
Miscellaneous
 h - a phantom mirror
 u - a lightning rod (4/4)
 S - a tin of tremorstones (2/2)
 T - a phial of floods


   Skills:
 O Level 27 Fighting
 O Level 27 Axes
 + Level 21.3 Ranged Weapons
 O Level 27 Armour
 + Level 24.8 Dodging
 - Level 4.6 Stealth
 O Level 27 Shields
 O Level 27 Invocations
 + Level 26.3 Evocations


You had 26 spell levels left.
You didn't know any spells.
Your spell library contained the following spells:

 Spells                   Type           Power      Damage    Failure   Level
 Apportation              Tloc           0%         N/A       86%         1
 Foxfire                  Conj/Fire      0%         2x1d4     86%         1
 Freeze                   Ice            0%         1d3       86%         1
 Kiss of Death            Conj/Necr      0%         2d5       86%         1
 Necrotise                Necr           0%         1d4       86%         1
 Sandblast                Erth           0%         2d4       86%         1
 Shock                    Conj/Air       0%         1d3       86%         1
 Summon Small Mammal      Summ           0%         N/A       86%         1
 Blink                    Tloc           0%         N/A       95%         2
 Call Imp                 Summ           0%         N/A       95%         2
 Cigotuvi's Dreadful Rot  Necr/Pois/Air  0%         N/A       95%         2
 Ensorcelled Hibernation  Hex/Ice        0%         N/A       95%         2
 Jinxbite                 Hex            0%         N/A       95%         2
 Lesser Beckoning         Tloc           0%         N/A       95%         2
 Passwall                 Tmut/Erth      0%         N/A       95%         2
 Poisonous Vapours        Pois/Air       0%         N/A       95%         2
 Scorch                   Fire           0%         2d5       95%         2
 Static Discharge         Conj/Air       0%         3-3/arc   95%         2
 Sublimation of Blood     Necr           0%         N/A       95%         2
 Wereblood                Tmut           0%         N/A       95%         2
 Call Canine Familiar     Summ           0%         N/A       99%         3
 Confusing Touch          Hex            0%         N/A       99%         3
 Dazzling Flash           Conj/Hex       0%         N/A       99%         3
 Frozen Ramparts          Ice            0%         1d1       99%         3
 Gell's Gravitas          Tloc           0%         N/A       99%         3
 Hailstorm                Conj/Ice       0%         3d3       99%         3
 Ignite Poison            Fire/Tmut/Pois 0%         N/A       99%         3
 Inner Flame              Hex/Fire       0%         N/A       99%         3
 Mephitic Cloud           Conj/Pois/Air  0%         N/A       99%         3
 Ozocubu's Armour         Ice            0%         N/A       99%         3
 Sigil of Binding         Hex            0%         N/A       99%         3
 Stone Arrow              Conj/Erth      0%         3d7       99%         3
 Summon Guardian Golem    Hex/Summ       0%         N/A       99%         3
 Swiftness                Air            0%         N/A       99%         3
 Teleport Other           Tloc           0%         N/A       99%         3
 Tukima's Dance           Hex            0%         N/A       99%         3
 Volatile Blastmotes      Fire/Tloc      0%         2d10      99%         3
 Airstrike                Air            0%         2d(0-16)  100%        4
 Anguish                  Hex/Necr       0%         N/A       100%        4
 Brom's Barrelling Bould  Conj/Erth      0%         2d3       100%        4
 Cause Fear               Hex            0%         N/A       100%        4
 Dimensional Bullseye     Hex/Tloc       0%         N/A       100%        4
 Dispel Undead            Necr           0%         3d6       100%        4
 Flame Wave               Conj/Fire      0%         2d4       100%        4
 Fulminant Prism          Conj/Hex       0%         3d5       100%        4
 Iskenderun's Mystic Bla  Conj/Tloc      0%         2d3       100%        4
 Leda's Liquefaction      Hex/Erth       0%         N/A       100%        4
 Manifold Assault         Tloc           0%         N/A       100%        4
 Olgreb's Toxic Radiance  Pois           0%         N/A       100%        4
 Passage of Golubria      Tloc           0%         N/A       100%        4
 Petrify                  Tmut/Erth      0%         N/A       100%        4
 Sticky Flame             Conj/Fire      0%         2d3       100%        4
 Summon Ice Beast         Ice/Summ       0%         N/A       100%        4
 Summon Lightning Spire   Summ/Air       0%         N/A       100%        4
 Vhi's Electric Charge    Tloc/Air       0%         N/A       100%        4
 Alistair's Intoxication  Tmut/Pois      0%         N/A       100%        5
 Arcjolt                  Conj/Air       0%         1d10      100%        5
 Fireball                 Conj/Fire      0%         3d3       100%        5
 Freezing Cloud           Conj/Ice/Air   0%         6-21      100%        5
 Irradiate                Conj/Tmut      0%         3d11      100%        5
 Iskenderun's Battlesphe  Conj           0%         2d6       100%        5
 Metabolic Englaciation   Hex/Ice        0%         N/A       100%        5
 Silence                  Hex/Air        0%         N/A       100%        5
 Summon Forest            Summ/Tloc      0%         N/A       100%        5
 Summon Mana Viper        Hex/Summ       0%         N/A       100%        5
 Yara's Violent Unravell  Hex/Tmut       0%         3d3       100%        5
 Conjure Ball Lightning   Conj/Air       0%         3x3d6     100%        6
 Dispersal                Tloc           0%         N/A       100%        6
 Plasma Beam              Fire/Air       0%         2x1d10    100%        6
 Simulacrum               Ice/Necr       0%         N/A       100%        6
 Starburst                Conj/Fire      0%         6d3       100%        6
 Summon Cactus Giant      Summ           0%         N/A       100%        6
 Haunt                    Necr/Summ      0%         N/A       100%        7
 Malign Gateway           Summ/Tloc      0%         N/A       100%        7
 Monstrous Menagerie      Summ           0%         N/A       100%        7
 Orb of Destruction       Conj           0%         9d5       100%        7
 Spellforged Servitor     Conj/Summ      0%         N/A       100%        7
 Summon Hydra             Summ           0%         N/A       100%        7
 Discord                  Hex            0%         N/A       100%        8
 Disjunction              Tloc           0%         N/A       100%        8
 Ignition                 Fire           0%         3d3       100%        8
 Infestation              Necr           0%         N/A       100%        8
 Lehudib's Crystal Spear  Conj/Erth      0%         10d2      100%        8
 Maxwell's Capacitive Co  Air            0%         ∞         100%        8
 Dragon's Call            Summ           0%         N/A       100%        9
 Polar Vortex             Ice            0%         N/A       100%        9
 Shatter                  Erth           0%         3d5*      100%        9


Dungeon Overview and Level Annotations

Branches:
Dungeon (15/15)            Temple (1/1) D:5            Lair (5/5) D:9
  Swamp (4/4) Lair:2        Snake (4/4) Lair:3        Slime (5/5) Lair:5
    Orc (2/2) D:9             Elf (3/3) Orc:2        Vaults (5/5) D:14
  Crypt (3/3) Vaults:2       Tomb (3/3) Crypt:3      Depths (4/4) D:15
   Hell (visited)             Dis (7/7) Hell            Geh (7/7) Hell
    Coc (7/7) Hell            Tar (7/7) Hell            Zot (5/5) Depths:4
  IceCv (visited)          WizLab (visited)         Gauntlet (visited)

Altars:
Ashenzari
Cheibriados
Dithmenos
Elyvilon
Fedhas
Gozag
Hepliaklqana
Kikubaaqudgha
Makhleb
Nemelex Xobeh
Okawaru
Qazlal
Ru
Sif Muna
Trog
Uskayaw
Vehumet
Wu Jian
Xom
Yredelemnul
Zin
The Shining One
Jiyva

Shops:
D:5 ?   D:6 *   D:7 (   D:9 **!(?   Orc:2 !(([   Elf:2 ?   Snake:1 :=:?

Portals:
Hell: Depths:1 Depths:2 Depths:3 Depths:4
Abyss: Depths:1 Depths:3 Depths:4
Pandemonium: Depths:2 Depths:4
Ziggurat: Depths:1

Annotations:
D:13 exclusion: hydra
Zot:3 1 runed translucent door, Kapop's ghost, legendary GrMo


Innate Abilities, Weirdness & Mutations

You have a pair of small horns on your head.
Your muscles are strong. (Str +4, Int/Dex -1)


Message History

You block the demonspawn corrupter's attack.
The demonspawn corrupter kicks you but does no damage.
Unknown command.
You slash the demonspawn corrupter!
The demonspawn corrupter convulses!
The demonspawn corrupter is almost dead.
You slice the blizzard demon!!
The blizzard demon convulses!
The blizzard demon gestures at you. The bolt of cold hits you! You resist.
The demonspawn corrupter calls forth creatures from the Elven Halls!
Unknown command.
You hit the demonspawn corrupter.
The demonspawn corrupter convulses.
The demonspawn corrupter is almost dead.
You slash the blizzard demon!
The blizzard demon convulses!
The blizzard demon gestures at you. The bolt of lightning hits you. You resist.
The vault sentinel blows a loud note on a signal horn!
The demonspawn corrupter hits you but does no damage.
You block the demonspawn corrupter's attack.
You hit the blizzard demon.
The blizzard demon convulses.
You kill the blizzard demon!
The Shining One accepts your kill.
You feel better.
You slice the demonspawn corrupter!!
You kill the demonspawn corrupter!
The Shining One accepts your kill.
The vault sentinel disappears in a puff of smoke!
The deep elf sorcerer disappears in a puff of smoke!
You feel your dexterity returning.
No target in view!
Unknown command.
You fly upwards.
There is a stone staircase leading down here.
What level of the Dungeon? (default 1, ? - help)
You are no longer corroded.
There is a shaft here.
There is a fountain of clear blue water here.
There is a stone staircase leading up here.
You fly upwards.
There is a stone staircase leading down here.
There is a staircase leading out of the dungeon here.
You have escaped!

#.###.######### ###.
#.##..........# #...
#.......>.....#####...
#####.................#
#..##..##......##.###.#
#..##..##.....>...# #.#
###..##(.##....######[#
###..##..##....###.....
#..##.@##..........#.##
#..##..##......####..##
###..##..##...## ##.###
###..##..##.######.....
##..##..##..#.........##
#...##..##..#........##
##.......##.#........#
##..................#
#......##..........###


There were no monsters in sight!

Vanquished Creatures
  Cerebov (Pan)
  Antaeus (Coc:7)
  Asmodeus (Geh:7)
  the Royal Jelly (Slime:5)
  Ereshkigal (Tar:7)
  Gloorx Vloq (Pan)
  A seraph (Pan)
  Lom Lobon (Pan)
  the Serpent of Hell (Coc:7)
  Dispater (Dis:7)
  Tiamat (Zot:2)
  4 dread liches
  5 orbs of fire
  6 ancient liches
  Mennas (Pan)
  3 juggernauts (Dis:7)
  4 royal mummies
  The ghost of Leown the Sniper, a legendary KoDe of Makhleb (Zot:1)
  Josephina (Depths:3)
  Boris (twice) (Depths:3 Crypt:3)
  Sojobo (Crypt:3)
  8 Killer Klowns (Zot:5)
  15 shard shrikes (Coc:7)
  Xtahua (Crypt:3)
  Frederick (Depths:3)
  2 pandemonium lords (Pan)
  Vashnia (Snake:4)
  21 caustic shrikes
  A golden dragon (shapeshifter) (Depths:3)
  9 golden dragons
  19 profane servitors
  Geryon (Hell)
  10 bone dragons
  A pearl dragon (Pan)
  11 Tzitzimimeh
  10 Brimstone Fiends
  13 hellephants
  5 electric golems
  4 doom hounds
  8 iron giants
  Rupert (D:14)
  11 tentacled monstrosities
  14 Hell Sentinels
  25 tainted leviathans
  A spectral shard shrike (Tar:6)
  5 liches
  26 Orb Guardians
  21 Ice Fiends
  A shard shrike skeleton (Crypt:3)
  A deep elf blademaster (Elf:2)
  Jorgrun (D:14)
  25 searing wretches
  29 ancient champions
  22 titans
  9 sphinxes
  3 deep elf master archers (Elf:3)
  14 death cobs
  6 quicksilver dragons
  A quicksilver dragon (shapeshifter) (Depths:3)
  23 acid blobs
  10 Executioners
  The ghost of farilari the Bewitcher, an adept SpWn of Jiyva (Elf:3)
  7 tentacled starspawn
  13 shadow dragons
  12 storm dragons
  Aizul (Snake:1)
  12 tengu reavers
  8 nagarajas (Snake:4)
  4 revenants
  Roxanne (Swamp:3)
  2 demonspawn warmongers (Pan)
  10 frost giants
  A fenstrider witch (Swamp:3)
  5 daevas (Pan)
  16 fire giants
  A fenstrider witch (shapeshifter) (Depths:3)
  11 narguns
  11 draconian monks
  10 rockslimes
  13 azure jellies
  2 ghost moths
  6 deep elf sorcerers
  10 draconian knights
  2 juggernaut zombies
  14 vault wardens
  12 iron dragons
  7 draconian scorchers
  5 spectral caustic shrikes
  8 shard shrike simulacra
  14 quicksilver elementals
  A caustic shrike zombie (Crypt:3)
  7 draconian stormcallers
  5 deep elf elementalists
  30 balrugs
  Louise (Depths:1)
  20 angels (Pan)
  12 cacodemons
  5 ghouls
  8 draconian annihilators
  4 draconian shifters
  2 orc warlords (Vaults:1)
  10 ironbound thunderhulks
  4 curse skulls
  A juggernaut skeleton (Crypt:1)
  10 ironbound preservers
  11 reapers
  35 very ugly things
  A spriggan defender (Depths:2)
  9 formless jellyfish
  4 demonspawn corrupters
  8 ophanim (Pan)
  12 quicksilver oozes
  A stone giant (shapeshifter) (Vaults:5)
  47 war gargoyles
  2 caustic shrike skeletons (Pan)
  26 elemental wellsprings
  7 vampire knights
  18 black draconians
  15 green draconians
  14 apis (Pan)
  2 demonspawn blood saints
  3 lorocyprocas
  15 stone giants
  4 eleionomae
  13 deep elf annihilators
  3 bennus (Tomb:3)
  An eleionoma (shapeshifter) (Depths:3)
  7 deep elf demonologists
  11 dire elephants
  2 demonspawn black suns (Pan)
  18 putrid mouths
  5 bunyips
  15 yellow draconians
  22 purple draconians
  11 red draconians
  3 spectral titans
  A minotaur (Gauntlet)
  18 wendigos
  15 white draconians
  7 blizzard demons
  A merfolk javelineer (Depths:2)
  6 deep elf death magi
  7 statues (WizLab)
  A spark wasp (Depths:3)
  19 iron golems
  14 green deaths
  9 eidola
  11 mummy priests
  An entropy weaver (Vaults:4)
  8 ettins
  A quicksilver dragon zombie (Hell)
  2 spectral quicksilver dragons
  7 jiangshi
  12 yaktaur captains
  7 fire dragons
  A kraken zombie (Hell)
  6 spectral spriggans
  3 shambling mangroves
  15 great orbs of eyes
  7 deep elf high priests
  4 hell beasts
  4 rakshasas
  2 spectral krakens (Tar:7)
  3 spriggan air magi
  9 ice dragons
  28 vault guards
  10 caustic shrike simulacra
  An ogre mage (D:15)
  3 catoblepae
  15 salamander tyrants
  5 juggernaut simulacra
  An alligator (shapeshifter) (Depths:1)
  18 centaur warriors
  16 hydras
  6 anacondas
  3 ironbound frosthearts
  An alligator snapping turtle (shapeshifter) (Depths:3)
  A two-headed ogre (shapeshifter) (Vaults:5)
  8 death yaks
  33 dancing weapons
  A spectral stone giant (Tar:4)
  8 spriggan skeletons
  An Orb Guardian skeleton (Crypt:2)
  6 boulder beetles
  3 alligators
  5 two-headed ogres
  4 stokers
  A sphinx skeleton (Crypt:1)
  22 death scarabs
  4 death knights
  9 tengu warriors
  9 demonic crawlers (Pan)
  6 thrashing horrors
  An azure jelly zombie (Crypt:2)
  2 deep troll shamans
  2 orc high priests
  9 naga warriors
  9 shock serpents
  4 vampire magi
  3 deep troll earth magi
  3 spectral nagas
  30 hell hogs
  12 naga sharpshooters
  5 occultists
  A spectral dire elephant (Tar:3)
  2 spriggan berserkers
  A fire crab (shapeshifter) (Depths:3)
  An iron troll (shapeshifter) (Depths:3)
  26 deep elf knights
  A salamander mystic (Snake:3)
  67 skeletal warriors
  11 soul eaters
  2 titan skeletons (Crypt:3)
  9 crystal echidnas
  Nergalle (D:11)
  17 sun demons
  A wretched star (Abyss:2)
  11 shadow wraiths
  A skyshark (Lair:5)
  A fire crab (Lair:4)
  3 goliath frogs
  9 hell knights
  12 sixfirhies (Pan)
  14 cherubim (Pan)
  5 quicksilver dragon simulacra
  A death drake (Abyss:3)
  4 naga ritualists
  An anaconda zombie (Crypt:3)
  12 glowing orange brains
  6 shadow demons (Pan)
  A bunyip skeleton (Crypt:3)
  8 sea snakes
  6 spriggan druids
  2 spectral anacondas
  2 spectral hydras
  23 deep trolls
  7 bog bodies
  4 flayed ghosts
  4 obsidian statues (Depths:3)
  A fenstrider witch simulacrum (Coc:1)
  5 spriggan simulacra
  15 deep elf archers
  38 large abominations
  16 swamp dragons
  9 necromancers
  11 arcanists
  16 ironbound convokers
  3 anaconda skeletons
  2 steelbarb worms (shapeshifter)
  42 deep elf pyromancers
  7 harpies
  10 orc knights
  14 phantasmal warriors
  A wolf spider (shapeshifter) (Vaults:5)
  8 lindwurms
  6 mana vipers
  3 spectral ettins
  6 shining eyes
  An orc sorcerer (D:15)
  48 ugly things
  11 salamanders
  35 deep elf zephyrmancers
  A shadow dragon skeleton (Pan)
  22 moths of wrath
  5 cyclopes
  A cyclops (shapeshifter) (Depths:3)
  A moth of wrath (shapeshifter) (Depths:3)
  4 stone giant skeletons
  5 will-o-the-wisps
  16 vault sentinels
  An eye of devastation (Slime:2)
  5 worldbinders
  25 black mambas
  A toenail golem (D:10)
  37 smoke demons
  An apocalypse crab (Abyss:3)
  5 guardian serpents
  5 rust devils
  6 ice statues
  A shock serpent zombie (Crypt:3)
  An orc zombie (Crypt:1)
  A centaur skeleton (Crypt:3)
  A guardian serpent (shapeshifter) (Depths:4)
  13 cane toads
  10 naga magi
  A dire elephant zombie (Tomb:3)
  A torpor snail (Lair:5)
  15 molten gargoyles
  A grey draconian zombie (Crypt:1)
  21 hellions
  A gargoyle (D:12)
  14 orange demons
  3 rime drakes (Lair:5)
  Maggie (D:7)
  Jeremiah (D:7)
  A dire elephant skeleton (Pan)
  A bunyip simulacrum (Coc:2)
  9 freezing wraiths
  A komodo dragon (shapeshifter) (Depths:3)
  15 komodo dragons
  4 unseen horrors (Depths:4)
  4 spectral swamp worms (Tar:7)
  7 efreet
  An alligator snapping turtle skeleton (Crypt:3)
  17 tormentors
  21 tengu conjurers
  2 sea snake skeletons (Hell)
  A black draconian skeleton (Crypt:2)
  A kobold demonologist (D:11)
  2 green draconian skeletons
  5 anaconda simulacra
  38 guardian mummies
  2 ice devils
  An iron giant simulacrum (Coc:6)
  35 yaktaurs
  An unseen horror skeleton (Crypt:3)
  4 red devils (Pan)
  A queen bee (D:10)
  2 ancient zymes
  6 trolls
  A hydra zombie (Crypt:3)
  17 hellwings
  2 silent spectres (Tar:5)
  A polar bear (Lair:5)
  7 spectral harpies
  A tengu simulacrum (Depths:4)
  2 wind drakes (Depths:3)
  A harpy zombie (Crypt:1)
  A tarantella (shapeshifter) (Depths:3)
  6 tyrant leeches (Swamp:1)
  18 hornets
  2 alligator simulacra (Hell)
  2 hydra skeletons
  2 raiju
  3 spriggan zombies
  A blink frog (shapeshifter) (Vaults:5)
  2 shadow dragon simulacra
  22 blink frogs
  A glass eye (Slime:5)
  A glass eye (shapeshifter) (Depths:3)
  4 harpy skeletons
  8 dream sheep (Lair:5)
  99 slime creatures
  8 air elementals
  3 stone giant simulacra
  An ettin zombie (Abyss:1)
  An ice dragon zombie (Crypt:1)
  A black mamba zombie (Crypt:3)
  40 flying skulls
  A vampire (D:12)
  A jumping spider (Vaults:4)
  3 shadows
  3 ettin skeletons
  An ice dragon skeleton (Crypt:2)
  18 water elementals
  2 naga simulacra
  18 ynoxinuls
  A dire elephant simulacrum (Coc:6)
  8 wraiths
  3 wyverns
  17 spriggans
  6 ushabtiu
  3 steam dragons
  35 yaks
  7 basilisks
  A golden eye (shapeshifter) (Depths:3)
  13 golden eyes
  9 neqoxecs
  2 redbacks (shapeshifter)
  12 fire elementals
  A death yak simulacrum (IceCv)
  18 vampire mosquitoes
  2 redbacks (Vaults:4)
  17 chaos spawn
  41 nagas
  16 swamp worms
  3 acid dragons (Lair:5)
  9 harpy simulacra
  12 hell hounds
  A water nymph zombie (Crypt:3)
  3 hydra simulacra
  8 water moccasins
  12 swamp drakes
  A water nymph skeleton (Crypt:2)
  31 orc warriors
  2 ice beasts
  An ettin simulacrum (Coc:4)
  2 black bears
  A black mamba simulacrum (Coc:2)
  2 sky beasts
  8 ogres
  18 wolves
  5 boggarts (D:15)
  A centaur (shapeshifter) (Depths:3)
  A dream sheep skeleton (Crypt:3)
  36 small abominations
  4 phantoms
  13 centaurs
  18 starcursed masses
  3 kobold brigands
  A vine stalker zombie (Crypt:2)
  A salamander zombie (Crypt:1)
  9 bullfrogs
  12 earth elementals
  2 necrophages (Crypt:3)
  A gnoll sergeant (D:10)
  5 scorpions
  4 wights (D:9)
  A queen bee zombie (Crypt:2)
  20 killer bees
  3 howler monkeys
  7 electric eels
  3 jellies
  4 hounds
  11 orc priests
  A sleepcap (D:6)
  A boggart zombie (Crypt:2)
  A gnoll bouda (D:5)
  9 iguanas
  4 hell rats (Hell)
  22 orc wizards
  5 mutant beasts (D:8)
  A polar bear simulacrum (IceCv)
  3 wolf simulacra (IceCv)
  An ice beast zombie (Crypt:3)
  A tengu skeleton (Crypt:1)
  26 mummies
  12 gnolls
  6 adders
  7 shadow imps
  3 white imps
  An iguana skeleton (Crypt:1)
  5 worms
  2 dart slugs
  79 orcs
  6 ball pythons
  12 endoplasms
  3 giant cockroaches
  7 goblins
  6 hobgoblins
  6 jackals
  24 kobolds
  5 quokkas
  6 bats
  A frilled lizard (D:2)
  A goblin skeleton (Crypt:1)
  8 rats
  A ball lightning (Depths:3)
  4 creeping infernos
  20 fire vortices
  A spectral weapon (Swamp:4)
  9 starspawn tentacles
  8 tentacles
3730 creatures vanquished.

Vanquished Creatures (collateral kills)
  Mnoleg (Pan)
  A royal mummy (Tomb:2)
  2 shard shrikes (Coc:5)
  A pandemonium lord (Depths:2)
  6 profane servitors (Tar:7)
  2 Tzitzimimeh
  A Brimstone Fiend (Pan)
  3 Ice Fiends
  A tentacled monstrosity (Pan)
  A Hell Sentinel (Dis:7)
  7 tainted leviathans (Tar:7)
  A titan (Coc:7)
  An Executioner (Pan)
  2 tengu reavers (Crypt:3)
  An ancient champion (Dis:7)
  2 narguns (Coc:7)
  An iron dragon (Dis:2)
  A cacodemon (Pan)
  A war gargoyle (Dis:2)
  5 very ugly things (Pan)
  4 bennus
  A white draconian (Zot:1)
  2 elemental wellsprings (Coc:4)
  5 putrid mouths (Tar:7)
  An iron golem (Dis:7)
  A mummy priest (Tomb:2)
  A hydra (Lair:5)
  2 caustic shrike simulacra
  A demonic crawler (Pan)
  A death scarab (Tomb:3)
  A sun demon (Pan)
  4 skeletal warriors
  A flayed ghost (Crypt:3)
  2 ugly things (Pan)
  A cyclops (D:11)
  A titan simulacrum (Coc:5)
  A centaur skeleton (Tomb:2)
  A dire elephant skeleton (Pan)
  3 spectral swamp worms (Tar:7)
  An orange demon (Pan)
  5 large abominations (Pan)
  A bunyip simulacrum (Coc:2)
  An anaconda simulacrum (Coc:3)
  A tormentor (Tar:7)
  4 guardian mummies
  A hellwing (Depths:2)
  A silent spectre (Tar:7)
  A harpy skeleton (Pan)
  A ynoxinul (Pan)
  A dire elephant simulacrum (Coc:2)
  A spriggan (Swamp:1)
  4 flying skulls
  An ushabti (Tomb:3)
  3 neqoxecs (Pan)
  3 harpy simulacra
  2 hydra simulacra (Coc:3)
  An ice beast (D:5)
  A jelly (D:6)
  A gnoll bouda (D:5)
  A hound (D:6)
  2 orcs (D:4)
  A tentacle (Tar:7)
114 creatures vanquished.

Vanquished Creatures (others)
  A Brimstone Fiend (Tar:6)
  A titan (Coc:7)
  3 fire giants
  2 shard shrike simulacra
  A white draconian (Abyss:5)
  A kraken zombie (Hell)
  2 juggernaut simulacra
  2 naga warriors (Snake:4)
  An occultist (Depths:3)
  A spriggan simulacrum (Coc:5)
  2 deep elf pyromancers
  An ugly thing (Depths:4)
  A titan simulacrum (Coc:2)
  A molten gargoyle (Geh:7)
  A hellion (Geh:3)
  A tormentor (Geh:3)
  2 anaconda simulacra
  A bloated husk (Swamp:2)
  An iron dragon simulacrum (Coc:7)
  A centaur simulacrum (Coc:2)
  3 air elementals
  4 water elementals
  2 dire elephant simulacra (Coc:2)
  A fire elemental (Depths:3)
  A neqoxec (Abyss:3)
  A swamp drake (Swamp:4)
  An orc warrior (Orc:2)
  An ettin simulacrum (Coc:2)
  A centaur (Orc:2)
  A small abomination (Abyss:5)
  10 ball lightnings (Depths:3)
  A creeping inferno (Geh:7)
  A fire vortex (Geh:2)
  29 foxfires
  A lurking horror (Abyss:4)
  15 starspawn tentacles
  10 tentacles
110 creatures vanquished.

Grand Total: 3954 creatures vanquished

Notes
Turn   | Place    | Note
-------+----------+-------------------------------------------
     0 | D:5      | Jannitor the Hill Orc Delver began the quest for the Orb.
     0 | D:5      | Reached XP level 1. HP: 19/19 MP: 1/1
    26 | D:5      | Noticed a gnoll bouda
    26 | D:5      | Noticed a hound
    89 | D:6      | Noticed a hound
   108 | D:5      | Reached XP level 2. HP: 27/27 MP: 2/2
   160 | D:5      | Reached XP level 3. HP: 23/33 MP: 3/3
   180 | D:5      | Reached XP level 4. HP: 33/41 MP: 4/4
   472 | D:5      | Reached XP level 5. HP: 28/47 MP: 5/5
   544 | D:5      | Found a broken altar of Ashenzari.
   545 | D:5      | Found a blossoming altar of Fedhas.
   546 | D:5      | Found a hazy altar of Hepliaklqana.
   546 | D:5      | Found a hide-covered altar of Uskayaw.
   550 | D:5      | Found a shimmering blue altar of Sif Muna.
   551 | D:5      | Found a snail-covered altar of Cheibriados.
   990 | D:5      | Noticed an ice beast
  1178 | D:4      | Noticed a phantom
  1212 | D:3      | Found an ancient bone altar of Kikubaaqudgha.
  1226 | D:3      | Reached skill level 5 in Fighting
  1430 | D:3      | Reached XP level 6. HP: 20/56 MP: 6/6
  2035 | D:2      | Reached skill level 5 in Axes
  2621 | D:2      | Found a faded altar of an unknown god.
  4065 | D:4      | Reached XP level 7. HP: 35/62 MP: 7/7
  4942 | D:4      | Reached skill level 1 in Armour
  5171 | D:5      | Reached XP level 8. HP: 71/71 MP: 8/8
  5306 | D:5      | Found Cuddow's Magic Scroll Shop.
  5315 | D:5      | Bought a scroll of brand weapon for 114 gold pieces
  5315 | D:5      | Bought a scroll of enchant weapon for 90 gold pieces
  5315 | D:5      | Bought a scroll of identify for 24 gold pieces
  5491 | D:5      | Found a staircase to the Ecumenical Temple.
  5924 | D:6      | Found Cogiarha's Assorted Antiques.
  6006 | D:6      | Bought a scroll labelled EPRINY UTHRI for 27 gold pieces
  6006 | D:6      | Bought a scroll labelled IBRUNWU HAPNA for 27 gold pieces
  6274 | D:6      | HP: 2/74 [ice beast (14)]
  6511 | D:6      | Reached skill level 5 in Dodging
  6551 | D:6      | Reached XP level 9. HP: 81/81 MP: 9/9
  6955 | D:7      | Noticed Jeremiah
  7109 | D:7      | Noticed Maggie
  7127 | D:7      | Killed Maggie
  7212 | D:7      | Reached skill level 5 in Armour
  7484 | Temple   | Entered the Ecumenical Temple
  7498 | Temple   | Became a worshipper of Zin the Law-Giver
  7498 | Temple   | Reached * piety under Zin
  7621 | D:7      | Found a shadowy altar of Dithmenos.
  7666 | D:7      | Found Semoshirgh's Antique Weapon Shoppe.
  7743 | D:7      | Killed Jeremiah
  7744 | D:7      | Reached skill level 1 in Invocations
  7975 | D:7      | Noticed a hornet
  7979 | D:7      | Killed a hornet
  8315 | D:8      | Noticed a two-headed ogre
  8325 | D:8      | Killed a two-headed ogre
  8326 | D:8      | Reached XP level 10. HP: 52/91 MP: 10/12
  8702 | D:8      | Reached skill level 10 in Axes
  8738 | D:8      | Found a stormy altar of Qazlal.
  9117 | D:8      | Noticed a juvenile fireox beast
  9139 | D:9      | Found Ofyru's General Store.
  9142 | D:9      | Bought a potion of degeneration for 15 gold pieces
  9231 | D:9      | Reached ** piety under Zin
  9242 | D:9      | Found a staircase to the Lair.
  9347 | D:9      | Found Kumiff's Magic Scroll Boutique.
  9356 | D:9      | Bought a scroll of enchant weapon for 90 gold pieces
  9356 | D:9      | Bought a scroll of enchant weapon for 90 gold pieces
  9396 | D:9      | Found Porag's Weapon Boutique.
  9452 | D:9      | Found Pyniu's Distillery.
  9498 | D:9      | Found Beluw's General Store.
  9536 | D:9      | Reached *** piety under Zin
  9880 | D:9      | Reached skill level 5 in Invocations
  9898 | D:9      | Reached skill level 10 in Fighting
 10035 | D:9      | Found a staircase to the Orcish Mines.
 10077 | D:9      | Reached **** piety under Zin
 10189 | D:10     | Identified the "Umuoxocs"
 10189 | D:10     | Entered Level 10 of the Dungeon
 10494 | D:10     | Identified the +1 scale mail of Conscience {rF+ rN+}
 10541 | D:10     | Reached XP level 11. HP: 37/101 MP: 15/15
 10969 | D:10     | Found a portal to a secret trove of treasure.
 11523 | D:11     | Noticed a boulder beetle
 11532 | D:11     | Killed a boulder beetle
 11963 | D:11     | Noticed Nergalle
 11964 | D:11     | Noticed a two-headed ogre
 11964 | D:11     | Noticed a cyclops
 12020 | Lair:1   | Entered Level 1 of the Lair of Beasts
 12733 | Lair:1   | Reached XP level 12. HP: 112/112 MP: 16/18
 13111 | Lair:1   | Reached ***** piety under Zin
 13290 | Lair:1   | Noticed a catoblepas
 13305 | Lair:1   | Killed a catoblepas
 13513 | Lair:1   | Reached XP level 13. HP: 94/119 MP: 18/20
 13782 | Lair:1   | Reached skill level 10 in Invocations
 13846 | Lair:2   | Found a staircase to the Swamp.
 13861 | Lair:2   | Reached skill level 10 in Armour
 14335 | Lair:2   | You fall into a shaft and drop 1 floor!
 14373 | Lair:3   | Found a staircase to the Snake Pit.
 14792 | Lair:2   | Identified a scroll of acquirement
 14793 | Lair:2   | Acquired the scarf of Monotheism {repulsion, Dex+4}
 15237 | Lair:2   | Reached XP level 14. HP: 129/129 MP: 20/22
 15348 | Lair:3   | Acquired a manual of Axes
 16707 | Orc:1    | Entered Level 1 of the Orcish Mines
 16780 | Gauntlet | Identified the of Quossah
 16780 | Gauntlet | Identified the "Fallofih"
 16780 | Orc:2    | Entered Level 2 of the Orcish Mines
 16785 | Orc:2    | Found a staircase to the Elven Halls.
 16794 | Orc:2    | Found a frozen archway.
 16804 | IceCv    | Entered an ice cave
 16823 | IceCv    | Found a transporter.
 16832 | IceCv    | Found a transporter.
 16959 | IceCv    | Reached skill level 15 in Axes
 17071 | Orc:2    | Found a gate leading to a gauntlet.
 17080 | Gauntlet | Entered a Gauntlet
 17080 | Gauntlet | Found a transporter.
 17080 | Gauntlet | Found a transporter.
 17080 | Gauntlet | Found a transporter.
 17216 | Gauntlet | Found a transporter.
 17216 | Gauntlet | Found a transporter.
 17224 | Gauntlet | Noticed a reaper
 17226 | Gauntlet | Found a transporter.
 17230 | Gauntlet | Found a transporter.
 17242 | Gauntlet | Found a transporter.
 17329 | Gauntlet | Found a transporter.
 17343 | Gauntlet | Found a transporter.
 17347 | Gauntlet | Found a transporter.
 17359 | Gauntlet | Found a transporter.
 17574 | Gauntlet | Killed a reaper
 17575 | Gauntlet | Reached skill level 1 in Shields
 17590 | Gauntlet | Identified the +0 pair of gloves "Heby" {*Corrode Str+6
                  | Int+2}
 17799 | Orc:1    | Noticed a kraken
 18021 | Orc:1    | Reached skill level 1 in Evocations
 18076 | Orc:1    | Reached ****** piety under Zin
 19331 | Orc:2    | Found Plog's Antique Weapon Shoppe.
 19331 | Orc:2    | Found Huymeuc's Antique Weapon Boutique.
 19335 | Orc:2    | Reached XP level 15. HP: 106/138 MP: 24/24
 19433 | Orc:2    | Found Duvuh's Armour Shop.
 19435 | Orc:2    | Found Xuusugef's Distillery.
 19447 | Orc:2    | Bought a potion of curing for 30 gold pieces
 19447 | Orc:2    | Bought a potion of curing for 30 gold pieces
 19447 | Orc:2    | Bought a potion of heal wounds for 50 gold pieces
 19447 | Orc:2    | Bought a potion of haste for 100 gold pieces
 19867 | Lair:4   | Reached skill level 10 in Dodging
 20965 | Lair:5   | Entered Level 5 of the Lair of Beasts
 22036 | Lair:5   | Found a viscous altar of Jiyva.
 22036 | Lair:5   | Found a staircase to the Slime Pits.
 22809 | Lair:5   | Reached skill level 5 in Shields
 24543 | D:13     | Reached skill level 15 in Fighting
 25448 | D:14     | Noticed Rupert
 25472 | D:14     | Killed Rupert
 25474 | D:14     | Reached XP level 16. HP: 149/149 MP: 26/26
 25486 | D:14     | Reached skill level 5 in Evocations
 25698 | D:14     | Found a gate to the Vaults.
 26096 | D:14     | Noticed Jorgrun
 26108 | D:14     | Killed Jorgrun
 26558 | D:15     | Entered Level 15 of the Dungeon
 26606 | D:15     | Identified the ring "Azxaul" {Int+4 Dex-4 SInv}
 27045 | D:15     | Found a staircase to the Depths.
 27304 | D:15     | Identified the staff of Premature Burial {rC+ Dex+5 Ice}
 27964 | D:11     | Killed Nergalle
 28184 | Snake:1  | Entered Level 1 of the Snake Pit
 28300 | Snake:1  | Identified the serpent talisman of the Sneaky Nightmares
                  | {Fly rN+ Slay+4 Stlth-}
 28300 | Snake:1  | Noticed Aizul
 28317 | Snake:1  | Killed Aizul
 28653 | Snake:1  | Found Ruedupof's Magic Scroll Boutique.
 28653 | Snake:1  | Found Ylaw Zua's Book Shop.
 28654 | Snake:1  | Found Esyk's Jewellery Shop.
 28658 | Snake:1  | Bought the ring of Vapat {Fly rF+ rN+ Will+ Slay+3 SInv}
                  | for 802 gold pieces
 28660 | Snake:1  | Found Emiuf's Book Boutique.
 28673 | Snake:1  | Bought a scroll of blinking for 112 gold pieces
 28889 | Snake:1  | Reached XP level 17. HP: 105/158 MP: 27/27
 29734 | Snake:2  | Identified the +8 scimitar "Doseul" {heavy, rCorr}
 30244 | Snake:3  | Found the +1 robe of Vines {NoPotionHeal Regen++++}
 31174 | Snake:4  | Entered Level 4 of the Snake Pit
 31291 | Snake:4  | Noticed Vashnia
 31298 | Snake:4  | Reached skill level 15 in Invocations
 31318 | Snake:4  | Killed Vashnia
 32704 | Snake:4  | Got a serpentine rune of Zot
 32820 | Snake:4  | Reached XP level 18. HP: 146/168 MP: 29/29
 33361 | Swamp:1  | Entered Level 1 of the Swamp
 35426 | Swamp:3  | Noticed Roxanne
 35778 | Swamp:3  | Killed Roxanne
 35806 | Swamp:4  | Entered Level 4 of the Swamp
 36511 | Swamp:4  | Reached skill level 10 in Shields
 37003 | Swamp:4  | Got a decaying rune of Zot
 37112 | Swamp:4  | Reached skill level 15 in Armour
 37493 | Vaults:1 | Entered Level 1 of the Vaults
 37511 | Vaults:1 | Reached XP level 19. HP: 170/177 MP: 31/31
 37875 | Vaults:1 | Acquired 605 gold pieces
 38060 | D:9      | Bought a scroll of acquirement for 624 gold pieces
 38060 | D:9      | Acquired a manual of Shields
 38064 | D:9      | Bought a scroll of teleportation for 36 gold pieces
 38064 | D:9      | Bought a scroll of teleportation for 36 gold pieces
 38064 | D:9      | Bought a scroll of teleportation for 36 gold pieces
 38154 | D:6      | Bought a potion of heal wounds for 135 gold pieces
 38154 | D:6      | Bought a glowing helmet for 202 gold pieces
 39434 | Vaults:1 | Reached skill level 10 in Evocations
 39547 | Vaults:1 | Reached skill level 15 in Dodging
 40126 | Vaults:1 | Paralysed by a formless jellyfish for 1 turns
 40875 | Vaults:2 | Reached XP level 20. HP: 145/188 MP: 30/32
 41004 | Vaults:2 | Found a staircase to the Crypt.
 41004 | Vaults:2 | Found an ancient bone altar of Kikubaaqudgha.
 41005 | Vaults:2 | Found a basalt altar of Yredelemnul.
 41092 | Vaults:2 | Identified the +5 plate armour "Siym" {+Blink rF- Int+7}
 42132 | Vaults:3 | Identified the +5 robe of Ostiqa {rPois Dex+3}
 42627 | Vaults:3 | Reached skill level 1 in Ranged Weapons
 43109 | Vaults:3 | Identified the +1 robe of Summertime {Int+4 Dex+2 Archmagi}
 45419 | Vaults:5 | Identified the "Ughorch"
 45419 | Vaults:5 | Identified the of Zebremya
 45419 | Crypt:3  | Identified the "Qariw"
 45419 | WizLab   | Identified the "Ebboeget"
 45419 | WizLab   | Identified the "Dilif"
 45419 | WizLab   | Identified the "Wiorohi"
 45419 | Depths:2 | Identified the "Omenomn"
 45419 | Depths:3 | Identified the "Ysha"
 45419 | Elf:1    | Identified the "Waucluge"
 45419 | Elf:1    | Entered Level 1 of the Elven Halls
 45442 | Elf:1    | Noticed a Brimstone Fiend
 45450 | Elf:1    | Reached skill level 5 in Ranged Weapons
 45451 | Elf:1    | Reached XP level 21. HP: 147/198 MP: 32/34
 46414 | Elf:1    | Found a stormy altar of Qazlal.
 46485 | Elf:2    | Found a runed translucent gate.
 46485 | Elf:2    | Found a runed translucent gate.
 46485 | Elf:2    | Found a runed translucent gate.
 46613 | Elf:2    | Found Rogrecaa's Magic Scroll Emporium.
 47503 | Elf:3    | Identified the "Tutakly"
 47503 | Elf:3    | Identified the of Esyceuff
 47503 | Elf:3    | Identified the "Leugyot"
 47503 | Elf:3    | Identified the of Dimuim
 47503 | Elf:3    | Entered Level 3 of the Elven Halls
 47618 | Elf:3    | Found a runed translucent gate.
 47618 | Elf:3    | Found a runed translucent gate.
 47618 | Elf:3    | Found a runed translucent gate.
 47626 | Elf:3    | Noticed farilari's ghost (adept SpWn)
 47653 | Elf:3    | Killed farilari's ghost
 47656 | Elf:3    | Identified the staff "Dragonbane" {rElec rC- rCorr Str+3
                  | Air}
 48143 | Elf:3    | Identified the staff of the Baking Goat {Stlth+ Conj}
 48150 | Elf:3    | Identified the +0 leather armour of the Gusle {Int+3 Dex+4}
 48427 | Elf:3    | Paralysed by an air elemental for 1 turns
 48664 | Elf:3    | Acquired a manual of Ranged Weapons
 48758 | Elf:3    | Identified the ring "Bulij" {rF- Str+6 Int+3 SInv}
 48763 | Elf:3    | Identified the +4 dagger "Ywoenauh" {flame, rPois rF+ Str+2
                  | Dex+3}
 48805 | Elf:3    | Identified the +1 falchion of the Doomed Warrior
                  | {antimagic, Fly rC+ rN+ Dex+4}
 48968 | Elf:3    | Found the +3 greatsling "Punk" {acid, rCorr}
 48974 | Elf:3    | Reached XP level 22. HP: 177/209 MP: 35/35
 49077 | Elf:3    | Found the +9 scales of the Dragon King {rPois rF+ rC+
                  | Will+}
 49167 | Elf:3    | Identified the +3 pair of gloves of the Circus Animal
                  | {-Cast rElec rC+}
 49187 | Elf:3    | Identified the staff "Senem" {rElec rN+ Dex-5 Stlth+ Earth}
 49517 | Elf:2    | Reached skill level 10 in Ranged Weapons
 50303 | Depths:1 | Entered Level 1 of the Depths
 50303 | Depths:1 | Found a shimmering blue altar of Sif Muna.
 50342 | Depths:1 | Found a one-way gate to the infinite horrors of the Abyss.
 50342 | Depths:1 | Noticed Louise
 50350 | Depths:1 | Killed Louise
 50408 | Depths:1 | Found a gateway to Hell.
 50457 | Depths:1 | Found a one-way gateway to a ziggurat.
 50476 | Depths:1 | Found a magical portal.
 50482 | WizLab   | Entered Iskenderun's Mystic Tower
 52577 | Depths:1 | Identified the amulet "Ennafodo" {Acrobat Rampage}
 52605 | Depths:1 | Identified the +9 crystal plate armour of the Ten Towns
                  | {rElec rC+ Str-2}
 53283 | Depths:2 | Found a one-way gate leading to the halls of Pandemonium.
 53441 | Depths:2 | Reached XP level 23. HP: 220/220 MP: 37/37
 53555 | Depths:2 | Identified the +7 plate armour of Axiojex {rC+ Regen+
                  | Int+4}
 54066 | Depths:3 | Identified the ring "Dugroll" {rElec rC- MP+9 Int+6 Dex+4}
 54464 | Depths:3 | Paralysed by an air elemental for 1 turns
 54466 | Depths:3 | an iron giant changed into a golden dragon
 54466 | Depths:3 | Noticed a golden dragon (glowing shapeshifter)
 54466 | Depths:3 | an acid blob changed into a caustic shrike
 54466 | Depths:3 | Noticed a caustic shrike (glowing shapeshifter)
 54469 | Depths:3 | a golden dragon changed into an iron giant
 54480 | Depths:3 | an acid blob changed into a golden dragon
 54480 | Depths:3 | Noticed a golden dragon (glowing shapeshifter)
 54487 | Depths:3 | Reached skill level 15 in Ranged Weapons
 54489 | Depths:3 | a golden dragon changed into a caustic shrike
 54489 | Depths:3 | Noticed a caustic shrike (glowing shapeshifter)
 54492 | Depths:3 | a caustic shrike changed into an iron giant
 54518 | Depths:3 | Paralysed by an air elemental for 1 turns
 54525 | Depths:3 | Paralysed by an air elemental for 1 turns
 54645 | Depths:3 | Paralysed by an air elemental for 1 turns
 54657 | Depths:3 | Paralysed by an air elemental for 1 turns
 54799 | Depths:3 | Noticed Frederick
 54823 | Depths:3 | Killed Frederick
 54849 | Depths:3 | a shadow dragon changed into a caustic shrike
 54849 | Depths:3 | Noticed a caustic shrike (glowing shapeshifter)
 54850 | Depths:3 | a caustic shrike changed into a golden dragon
 54850 | Depths:3 | Noticed a golden dragon (glowing shapeshifter)
 54853 | Depths:3 | Killed a golden dragon
 55048 | Depths:3 | Identified the staff "Qoruc" {rF+ rN+ Necro}
 55104 | Depths:3 | Identified the ring of Atheism {rElec rF+ Str+3 Int+6
                  | Dex-3}
 55137 | Depths:3 | Identified the +4 war axe of Defilement {heavy, rN+}
 55140 | Depths:3 | Identified the ring "Raskocvi" {Wiz rC+ SInv Stlth-}
 55141 | Depths:3 | Identified the +2 morningstar of the Secret Orbs {flame,
                  | rCorr Dex-2 SInv}
 55143 | Depths:3 | Identified the ring "Nocsirph" {rN+ Str+3}
 55381 | Depths:4 | Entered Level 4 of the Depths
 55390 | Depths:4 | Identified the ring "Suerav" {Ice rCorr Str+4}
 55390 | Depths:4 | Noticed Josephina
 55405 | Depths:3 | Killed Josephina
 55595 | Depths:4 | Noticed Boris
 55868 | Depths:3 | Killed Boris
 56512 | Depths:4 | Identified the +4 scale mail "Xoptuadi" {rF- rC+ Int+3
                  | Dex+3}
 56531 | Depths:4 | Found a gate to the Realm of Zot.
 56992 | Vaults:5 | Entered Level 5 of the Vaults
 56998 | Vaults:5 | Reached XP level 24. HP: 175/231 MP: 36/37
 56998 | Vaults:5 | Noticed a dread lich
 57140 | Vaults:4 | Killed a dread lich
 57146 | Vaults:5 | Noticed an ancient lich
 57147 | Vaults:5 | Noticed an ancient lich
 57334 | Vaults:5 | Found the +7 great mace "Firestarter" {flame, immolate,
                  | rFlCloud rF++}
 57545 | Vaults:5 | Noticed an ancient lich
 57554 | Vaults:5 | Killed an ancient lich
 57579 | Vaults:5 | Killed an ancient lich
 57787 | Vaults:5 | Identified the +1 battleaxe of Somewhere Else {flame,
                  | *Noise rPois rC+ Int+2}
 57820 | Vaults:5 | Got a silver rune of Zot
 57887 | Vaults:5 | Identified the ring of False Pretenses {Ice rElec}
 57888 | Vaults:5 | Identified the +6 demon blade of Otsamog {freeze, Will+
                  | rCorr Dex+2}
 57918 | Vaults:5 | Identified the +8 dagger "Jawigadgh" {elec, *Rage rElec
                  | Dex+3}
 58187 | Vaults:5 | Killed an ancient lich
 58412 | Vaults:5 | Identified the +7 plate armour "Lomuw" {rC- Regen+ Slay+5
                  | SInv}
 58799 | Vaults:5 | Identified the +5 long sword of Deflation {drain, rF+ rC+
                  | Str+3}
 59233 | Vaults:5 | Identified the +4 broad axe "Rudeh" {speed, Int+4}
 59607 | D:10     | You paid a toll of +3 gold dragon scales to enter a
                  | treasure trove
 59608 | Trove    | Entered a treasure trove
 59610 | Trove    | Found a bloodstained altar of Trog.
 59613 | Trove    | Identified the +6 hand axe "Ipetuxu" {flame, rF++ rN+
                  | Dex+4}
 59615 | Trove    | Found the +7 hand cannon "Mule" {flame, backblast, rF+}
 59626 | Trove    | Identified the +3 quarterstaff "Naerrel" {flame, *Corrode
                  | Will+ Str-4 Dex+5}
 59639 | Trove    | Identified the +8 battleaxe "Ipreamen" {antimagic, rElec
                  | rN+++ Int-2 SInv}
 59645 | Trove    | Identified the +9 spear of the Dwarven Hall {holy, rElec}
 59668 | Trove    | Identified the +8 whip of the Puffball {protect, +Blink
                  | Will+ MP+9}
 59670 | Trove    | Identified the +7 war axe "Gikuynuw" {freeze, *Noise Dex+7
                  | SInv}
 59874 | Slime:1  | Entered Level 1 of the Pits of Slime
 60081 | Slime:1  | Reached XP level 25. HP: 217/240 MP: 25/38
 60136 | Slime:1  | Paralysed by a formless jellyfish for 1 turns
 60281 | Slime:2  | Paralysed by a formless jellyfish for 1 turns
 61859 | Slime:5  | Identified the of Bothosen
 61859 | Slime:5  | Entered Level 5 of the Pits of Slime
 62121 | Slime:5  | Noticed the Royal Jelly
 62157 | Slime:5  | Killed the Royal Jelly
 62576 | Slime:5  | Got a slimy rune of Zot
 62589 | Slime:5  | Identified the ring "Aziel" {MP+9 Str+6}
 62600 | Slime:5  | Identified the +4 broad axe "Biset" {elec, MP-9 Dex+3}
 62616 | Slime:5  | Identified the +2 chain mail "Xujuuh" {Regen+}
 62617 | Slime:5  | Identified the +7 hand axe "Putogoeps" {heavy, rC+ rN+
                  | Str+2 Int-2}
 62640 | Slime:5  | Identified the +9 double sword of Defence by Offence {vamp,
                  | Fragile Str+5}
 62644 | Slime:5  | Identified the +0 pair of gloves of Poor Excuses {Str-2
                  | Int+6}
 63087 | Zot:1    | Entered Level 1 of the Realm of Zot
 63423 | Zot:1    | Noticed an orb of fire
 63439 | Depths:4 | Killed an orb of fire
 64149 | Zot:1    | Found a runed translucent gate.
 64150 | Zot:1    | Found a runed translucent gate.
 64151 | Zot:1    | Found a runed translucent gate.
 64151 | Zot:1    | Noticed Leown's ghost (legendary KoDe)
 64556 | Zot:1    | Killed Leown's ghost
 64623 | Zot:1    | Identified the +7 shortbow of the Globe {freeze, MP+9}
 64686 | Zot:1    | Reached XP level 26. HP: 254/254 MP: 39/39
 64757 | Zot:1    | Identified the +0 pair of gloves of Space {rElec Str+4
                  | Dex+4}
 65812 | Zot:2    | Found the +4 dragonskin cloak
 65812 | Zot:2    | Noticed Tiamat
 66241 | Zot:2    | Found a burning altar of Makhleb.
 66812 | Zot:2    | Killed Tiamat
 67031 | Zot:2    | You are sucked into a shaft and drop 2 floors!
 67183 | Zot:3    | Identified the +6 halberd of Goyrphoe {spect, rCorr}
 68046 | Zot:3    | Found a runed translucent door.
 68334 | Zot:3    | Noticed Kapop's ghost (legendary GrMo)
 68892 | Zot:4    | Reached skill level 27 in Fighting
 69278 | Zot:4    | Reached XP level 27. HP: 158/273 MP: 40/40
 69603 | Zot:5    | Entered Level 5 of the Realm of Zot
 69908 | Zot:5    | Noticed an orb of fire
 69909 | Zot:5    | Noticed an ancient lich
 69912 | Zot:5    | Noticed an orb of fire
 69912 | Zot:5    | Noticed an orb of fire
 69921 | Zot:5    | Killed an orb of fire
 69927 | Zot:5    | Killed an ancient lich
 69936 | Zot:5    | Killed an orb of fire
 69947 | Zot:5    | Killed an orb of fire
 69993 | Zot:5    | Reached skill level 15 in Shields
 70445 | Zot:5    | Noticed an orb of fire
 70454 | Zot:5    | Killed an orb of fire
 70797 | Zot:5    | Reached skill level 27 in Invocations
 71772 | Temple   | Fell from the grace of Zin
 71772 | Temple   | Became a worshipper of the Shining One
 71772 | Temple   | Reached * piety under the Shining One
 71772 | Temple   | Reached ** piety under the Shining One
 71772 | Temple   | Reached *** piety under the Shining One
 72105 | Crypt:1  | Entered Level 1 of the Crypt
 72304 | Crypt:1  | Reached **** piety under the Shining One
 72603 | Crypt:1  | Reached ***** piety under the Shining One
 73485 | Crypt:2  | Reached ****** piety under the Shining One
 73898 | Crypt:3  | Entered Level 3 of the Crypt
 73953 | Crypt:3  | Noticed Boris
 73964 | Crypt:3  | Killed Boris
 73973 | Crypt:3  | Identified a +9 broad axe of holy wrath (a +9 heavy broad
                  | axe blessed by the Shining One)
 73973 | Crypt:3  | Received a gift from the Shining One
 74008 | Crypt:3  | Found a staircase to the Tomb.
 74162 | Crypt:3  | Noticed Sojobo
 74168 | Crypt:3  | Paralysed by an air elemental for 1 turns
 74176 | Crypt:3  | Killed Sojobo
 74367 | Crypt:3  | Noticed Xtahua
 74384 | Crypt:3  | Killed Xtahua
 74464 | Crypt:3  | Found a basalt altar of Yredelemnul.
 74647 | Crypt:3  | Noticed a dread lich
 74661 | Crypt:3  | Killed a dread lich
 74686 | Crypt:3  | Identified the staff "Cicvocu" {rElec rN+ rCorr Air Poison}
 74905 | Crypt:3  | Acquired a manual of Evocations
 75154 | Hell     | Entered the Vestibule of Hell
 75156 | Hell     | Noticed Geryon
 75170 | Hell     | Killed Geryon
 75294 | Hell     | Found a gateway to the decaying netherworld of Tartarus.
 75366 | Hell     | Found a gateway to the freezing wastes of Cocytus.
 75430 | Hell     | Found a gateway to the ashen valley of Gehenna.
 75535 | Hell     | Found a gateway to the Iron City of Dis.
 75627 | Tomb:3   | Identified the of Padghiquru
 75627 | Tomb:3   | Identified the "Tisonkex"
 75627 | Tar:7    | Identified the "Areclioh"
 75627 | Dis:7    | Identified the of Rawn
 75627 | Dis:7    | Identified the "Darr"
 75627 | Dis:7    | Identified the "Faranium"
 75627 | Dis:7    | Identified the of Rirghuite
 75627 | Dis:7    | Identified the of Ekaddus
 75627 | Geh:1    | Entered Level 1 of Gehenna
 76367 | Geh:5    | You are sucked into a shaft and drop 1 floor!
 76371 | Geh:7    | Entered Level 7 of Gehenna
 77119 | Geh:7    | Found the +13 sceptre of Asmodeus
 77119 | Geh:7    | Noticed Asmodeus
 77123 | Geh:7    | Identified the +1 tower shield "Caloevor" {Dex+6}
 77137 | Geh:7    | Killed Asmodeus
 77143 | Geh:7    | Got an obsidian rune of Zot
 77410 | Geh:7    | Reached skill level 15 in Evocations
 78216 | Geh:7    | Identified the +3 chain mail of the Lair of Beasts {Rampage
                  | +Blink Dex-5}
 78829 | Tar:1    | Entered Level 1 of Tartarus
 78837 | Tar:1    | Noticed a dread lich
 78844 | Tar:1    | Killed a dread lich
 79122 | Tar:1    | You are sucked into a shaft and drop 1 floor!
 79421 | Tar:2    | Noticed a dread lich
 79444 | Tar:2    | Killed a dread lich
 80343 | Tar:5    | Reached skill level 27 in Armour
 81111 | Tar:7    | Entered Level 7 of Tartarus
 82640 | Tar:7    | Identified the staff of the Glimmering Gods {Str-4 Int+3
                  | Dex+2 Earth}
 82825 | Tar:7    | Noticed Ereshkigal
 83808 | Tar:7    | Paralysed by Ereshkigal for 4 turns
 83823 | Tar:7    | Killed Ereshkigal
 83848 | Tar:7    | Found the +8 demon blade "Leech" {evervamp, Harm Drain rN+}
 83866 | Tar:7    | Got a bone rune of Zot
 84574 | Coc:1    | Entered Level 1 of Cocytus
 84624 | Coc:2    | Paralysed by a wendigo for 1 turns
 85279 | Coc:5    | Paralysed by a wendigo for 1 turns
 85640 | Coc:6    | Paralysed by a wendigo for 1 turns
 86201 | Coc:7    | Entered Level 7 of Cocytus
 86510 | Coc:7    | Paralysed by a wendigo for 1 turns
 86520 | Coc:7    | Paralysed by a wendigo for 1 turns
 86669 | Coc:7    | Paralysed by a wendigo for 1 turns
 86993 | Coc:7    | Paralysed by a wendigo for 1 turns
 86998 | Coc:7    | Paralysed by a wendigo for 1 turns
 87351 | Coc:7    | Paralysed by a wendigo for 1 turns
 87396 | Coc:7    | Paralysed by a wendigo for 1 turns
 87653 | Coc:7    | Paralysed by a wendigo for 1 turns
 87672 | Coc:7    | Noticed the Serpent of Hell
 87682 | Coc:7    | Killed the Serpent of Hell
 88155 | Coc:7    | Identified the +5 tower shield of Protective Custody {Int+3
                  | Dex+4 Slay+3}
 88177 | Coc:7    | Paralysed by a wendigo for 1 turns
 88183 | Coc:7    | Paralysed by a wendigo for 1 turns
 89693 | Coc:7    | Noticed Antaeus
 89712 | Coc:7    | Killed Antaeus
 89727 | Coc:7    | Got an icy rune of Zot
 89823 | Coc:7    | Identified the +2 orcbow of the King {elec, rElec Str+4}
 90040 | Dis:1    | Entered Level 1 of the Iron City of Dis
 90186 | Dis:1    | Noticed an ancient lich
 90199 | Dis:1    | Killed an ancient lich
 92323 | Dis:7    | Entered Level 7 of the Iron City of Dis
 92412 | Dis:7    | Noticed a juggernaut
 92438 | Dis:7    | Killed a juggernaut
 92861 | Dis:7    | Identified the amulet of Untruth {rElec Regen+ Str+6}
 92863 | Dis:7    | Identified the +7 sling of Duqou {drain, rPois Will+ Str-4}
 93348 | Dis:7    | Identified the +10 great sword "Enisyi" {venom, rCorr
                  | Dex+2}
 94143 | Dis:7    | Noticed a juggernaut
 94162 | Dis:7    | Killed a juggernaut
 94242 | Dis:7    | Noticed Dispater
 94243 | Dis:7    | Noticed a juggernaut
 94265 | Dis:7    | Killed a juggernaut
 94281 | Dis:7    | Killed Dispater
 94354 | Dis:7    | Got an iron rune of Zot
 94357 | Dis:7    | Identified the staff of Change {rElec rPois rC+ rN+ Int-3
                  | Ice}
 94624 | Depths:3 | Voluntarily entered the Abyss.
 94695 | Abyss:1  | Gained mutation: You are vulnerable to cold. (rC-) [a
                  | shining eye]
 94726 | Abyss:1  | Lost mutation: You are vulnerable to cold. (rC-) [potion of
                  | mutation]
 94726 | Abyss:1  | Gained mutation: You passively map a small area around you.
                  | [potion of mutation]
 94726 | Abyss:1  | Gained mutation: Your magical capacity is low. (-10% MP)
                  | [potion of mutation]
 94833 | Abyss:3  | Found a corrupted altar of Lugonu.
 94953 | Abyss:3  | Paralysed by accursed screaming for 2 turns
 95051 | Abyss:3  | Paralysed by you for 5 turns
 95252 | Abyss:4  | Found a corrupted altar of Lugonu.
 95281 | Abyss:4  | Paralysed by accursed screaming for 1 turns
 95421 | Abyss:5  | Got an abyssal rune of Zot
 95567 | Depths:3 | Escaped the Abyss
 95616 | Pan      | Entered Pandemonium
 95687 | Pan      | Found a transporter.
 95723 | Pan      | Found a transporter.
 95728 | Pan      | Identified the ring of Kyluidik {Wiz Int+2}
 95733 | Pan      | Gained mutation: You sometimes lose your temper in combat.
                  | [mutagenic glow]
 95737 | Pan      | Identified the ring "Jiufiga" {*Slow EV+5 Int+4 Stlth+}
 95751 | Pan      | Gained mutation: You are frail. (-10% HP) [mutagenic glow]
 95954 | Pan      | Lost mutation: You sometimes lose your temper in combat.
                  | [potion of mutation]
 95954 | Pan      | Lost mutation: You are frail. (-10% HP) [potion of
                  | mutation]
 95954 | Pan      | Gained mutation: You are clumsy. (Dex -2) [potion of
                  | mutation]
 96046 | Pan      | Noticed Eplizaje the pandemonium lord
 96075 | Pan      | Killed Eplizaje the pandemonium lord
 96093 | Pan      | Lost mutation: You are clumsy. (Dex -2) [a neqoxec]
 96095 | Pan      | Entered the realm of Lom Lobon.
 96721 | Pan      | Noticed Lom Lobon
 96733 | Pan      | Killed Lom Lobon
 96768 | Pan      | Reached skill level 27 in Shields
 96793 | Pan      | Got a magical rune of Zot
 97084 | Pan      | Found an exit through the horrors of the Abyss.
 97137 | Pan      | Found a transporter.
 97159 | Pan      | Found a transporter.
 97394 | Pan      | Identified the +1 pair of gloves of Articulation {rElec
                  | Will+ Regen+ rCorr}
 97420 | Pan      | Identified the ring "Ciomaump" {rPois rN+ Str+6}
 97437 | Pan      | Acquired a manual of Transmutations
 97709 | Pan      | Found a white marble altar of Elyvilon.
 98241 | Pan      | Identified the amulet of Fumocvil {Reflect -Cast rElec
                  | rPois Regen+ SH+5}
 98241 | Pan      | Noticed a seraph
 98676 | Pan      | Identified the ring "Wakhuerph" {AC+4 Slay+2}
 98686 | Pan      | Identified the +4 battleaxe of Frustration {flame, Int+3}
 98720 | Pan      | Killed a seraph
 98745 | Pan      | Found a glowing golden altar of the Shining One.
 98758 | Pan      | Identified the +3 spear of Context {speed, Str+2 Int+3}
 98760 | Pan      | Got a demonic rune of Zot
 98764 | Pan      | Identified the amulet "Quaxac" {Acrobat +Blink rF- Dex+5}
 98776 | Pan      | Identified the +0 plate armour of Xustonuh {Int+2 Stlth+}
 98931 | Pan      | Upgraded the game from 0.31-a0-1009-g454b1f1e0a to
                  | 0.31-a0-1019-g3dd9dd1025
 98985 | Pan      | Gained mutation: You are weak. (Str -2) [a neqoxec]
 98988 | Pan      | Gained mutation: You are vulnerable to cold. (rC-) [a
                  | neqoxec]
 99012 | Pan      | Lost mutation: You are weak. (Str -2) [potion of mutation]
 99012 | Pan      | Lost mutation: You are vulnerable to cold. (rC-) [potion of
                  | mutation]
 99034 | Pan      | Noticed Afieph the pandemonium lord
 99046 | Pan      | Killed Afieph the pandemonium lord
 99452 | Pan      | Entered the realm of Mnoleg.
 99510 | Pan      | Found an exit through the horrors of the Abyss.
 99535 | Pan      | Gained mutation: You are frail. (-10% HP) [a cacodemon]
 99542 | Pan      | Gained mutation: You are very frail. (-20% HP) [a
                  | cacodemon]
 99653 | Pan      | Identified the +0 scale mail of Slovenliness {*Slow rElec
                  | MP+9 Int+5}
 99693 | Pan      | Identified the +4 whip of the Insatiable Beasts {venom,
                  | Int+5}
 99745 | Pan      | Identified the +4 broad axe of the Coin {venom, rN+}
 99809 | Pan      | Gained mutation: Your spells are a little harder to cast,
                  | but a little more powerful. [a neqoxec]
 99816 | Pan      | Gained mutation: You occasionally shout uncontrollably at
                  | your foes. [a cacodemon]
 99841 | Pan      | Lost mutation: You are very frail. (-20% HP) [potion of
                  | mutation]
 99841 | Pan      | Lost mutation: You passively map a small area around you.
                  | [potion of mutation]
 99841 | Pan      | Lost mutation: You are frail. (-10% HP) [potion of
                  | mutation]
 99841 | Pan      | Gained mutation: You are somewhat resistant to further
                  | mutation. [potion of mutation]
 99843 | Pan      | Noticed Mnoleg
 99845 | Pan      | Gained mutation: You sometimes lose your temper in combat.
                  | [a cacodemon]
 99855 | Pan      | Killed Mnoleg
 99867 | Pan      | Got a glowing rune of Zot
 99976 | Pan      | Entered the realm of Gloorx Vloq.
 99977 | Pan      | Lost mutation: Your spells are a little harder to cast, but
                  | a little more powerful. [potion of mutation]
 99977 | Pan      | Lost mutation: You occasionally shout uncontrollably at
                  | your foes. [potion of mutation]
 99977 | Pan      | Lost mutation: Your magical capacity is low. (-10% MP)
                  | [potion of mutation]
 99978 | Pan      | Lost mutation: You sometimes lose your temper in combat.
                  | [potion of mutation]
 99978 | Pan      | Lost mutation: You are somewhat resistant to further
                  | mutation. [potion of mutation]
 99978 | Pan      | Gained mutation: You have hidden genetic defects. [potion
                  | of mutation]
 99978 | Pan      | Gained mutation: You possess an exceptional clarity of
                  | mind. [potion of mutation]
 99979 | Pan      | Lost mutation: You have hidden genetic defects. [potion of
                  | mutation]
 99979 | Pan      | Lost mutation: You possess an exceptional clarity of mind.
                  | [potion of mutation]
 99979 | Pan      | Gained mutation: You possess an exceptional clarity of
                  | mind. [potion of mutation]
 99979 | Pan      | Gained mutation: You have a pair of small antennae on your
                  | head. [potion of mutation]
100192 | Pan      | Noticed Gloorx Vloq
100218 | Pan      | Killed Gloorx Vloq
100675 | Pan      | Got a dark rune of Zot
100770 | Pan      | Entered the realm of Cerebov.
100770 | Pan      | Noticed Mennas
100790 | Pan      | Killed Mennas
100914 | Pan      | Found an exit through the horrors of the Abyss.
101135 | Pan      | Identified the staff "Zokif" {rN+ Int+3 Dex+2 Necro}
101138 | Pan      | Identified the +0 helmet of Follow the Leader {Fly Str+5
                  | Dex+2}
101168 | Pan      | Identified the +0 robe of Patterns {rC+ Will- Dex+4}
101170 | Pan      | Identified the +0 robe of the Rambutan {rC++ Will- Dex+3}
101198 | Pan      | Identified the +4 pair of gloves of the Depths {Int+3}
101223 | Pan      | Identified the +10 great sword of the Battered Runes {pain,
                  | Str+5 SInv}
101250 | Pan      | Identified the +11 orcbow "Roteusex" {freeze, rF+ rN+ SInv}
101251 | Pan      | Identified the +2 pair of boots "Joetenk" {Dex+2}
101283 | Pan      | Found the +6 sword of Cerebov {flame}
101283 | Pan      | Noticed Cerebov
101311 | Pan      | Killed Cerebov
101330 | Pan      | Got a fiery rune of Zot
101494 | Pan      | Took an exit into the Abyss.
101494 | Abyss:6  | Escaped into the Abyss
101496 | Abyss:6  | Found a corrupted altar of Lugonu.
101503 | Abyss:6  | Noticed an ancient lich
101510 | Abyss:6  | Killed an ancient lich
101522 | Abyss:6  | Lost mutation: You possess an exceptional clarity of mind.
                  | [a neqoxec]
101539 | Abyss:6  | Found a corrupted altar of Lugonu.
101600 | Depths:4 | Escaped the Abyss
101876 | Tomb:1   | Entered Level 1 of the Tomb of the Ancients
101893 | Tomb:1   | Lost mutation: You have a pair of small antennae on your
                  | head. [potion of mutation]
101893 | Tomb:1   | Gained mutation: Your muscles are strong. (Str +4, Int/Dex
                  | -1) [potion of mutation]
101893 | Tomb:1   | Gained mutation: You have a pair of small horns on your
                  | head. [potion of mutation]
102355 | Tomb:1   | Noticed a royal mummy
102363 | Tomb:1   | Killed a royal mummy
102608 | Tomb:2   | Noticed a royal mummy
102608 | Tomb:2   | Noticed a royal mummy
102608 | Tomb:2   | Noticed a royal mummy
102609 | Tomb:2   | Noticed a royal mummy
102609 | Tomb:2   | Noticed a royal mummy
102615 | Tomb:2   | Killed a royal mummy
102616 | Tomb:2   | Killed a royal mummy
102781 | Tomb:3   | Entered Level 3 of the Tomb of the Ancients
102818 | Tomb:3   | Noticed a royal mummy
102828 | Tomb:3   | Reached skill level 27 in Axes
102830 | Tomb:3   | Noticed a royal mummy
102831 | Tomb:3   | Killed a royal mummy
102833 | Tomb:3   | Noticed a royal mummy
102834 | Tomb:3   | Killed a royal mummy
102836 | Tomb:3   | Noticed a royal mummy
102844 | Tomb:3   | Got a golden rune of Zot
102847 | Tomb:3   | Noticed a royal mummy
102850 | Tomb:3   | Upgraded the game from 0.31-a0-1019-g3dd9dd1025 to
                  | 0.31-a0-1027-gfb7600b534
102852 | Tomb:3   | Found the +0 pair of fencer's gloves {Riposte Dex+3}
103381 | Zot:5    | Got the Orb of Zot
103614 | Depths:2 | Noticed Caan the pandemonium lord
103621 | Depths:2 | Killed Caan the pandemonium lord
103850 | D:6      | Noticed Enwoby the pandemonium lord
103909 | D:5      | Noticed Buodghywk the pandemonium lord
104003 | D:$      | Escaped with the Orb!

Illustrated notes

Levels and vault maps discovered:
D:1:      lightli_iron_boxes, layout_rooms
D:2:      layout_loops_cross, shapermc_ecumenical_altar_gd, grunt_ministairs_9
D:3:      layout_basic, mainiacjoe_overflow_concentric_impassable,
          minmay_ruptured
D:4:      minmay_razor_zed, layout_basic
D:5:      layout_loops_corners, minitemple, minmay_temple_entry_nine_rooms,
          serial_shops, shop_fountains, kennysheep_decorative_pillar
D:6:      minmay_recursive_quarters, layout_basic, serial_shops, shop
D:7:      layout_gridville, grunt_dithmenos_smoke, serial_shops,
          nicolae_shop_tiny_glass, uniq_maggie, uniq_jeremiah
D:8:      layout_basic, kennysheep_little_box, nicolae_beast_mode
D:9:      layout_roguey, lair_entry_dummy, erik_orc_1, serial_shops,
          nicolae_shop_tiny_statue_garden, shop, nicolae_stop_n_shop_2,
          nicolae_stop_n_shop_1, shop_coins, palyth_stone_intersect
D:10:     layout_loops_ring, nicolae_trove_entry_diagonal, hive_lemuel
D:11:     layout_roguey, interstate_on_off, uniq_nergalle
D:12:     layout_loops_corners
D:13:     layout_loops_corners
D:14:     layout_loops_corners, skrybe_vaults_entry_preservation, uniq_jorgrun,
          uniq_rupert
D:15:     hangedman_depths_entry_civil_slaughter, layout_loops_ring,
          minmay_misc_feat_columns, nicolae_tricolors
Temple:   nicolae_temple_figure_eight
Lair:1:   layout_gridlike, eino_small_chamber_without_monster
Lair:2:   layout_small_grid, swamp_mist, grunt_megastairs_3,
          infiniplex_staircase_pool
Lair:3:   layout_concentric_octagons, minmay_snake_entry_guardpost_medium
Lair:4:   layout_misc_corridors
Lair:5:   guppyfry_lair_end_dragon, layout_cave_pods, dpeg_slime_entry_enclosed,
          serial_bayou_lake_a
Swamp:1:  layout_basic_swamp, nicolae_swamp_fairy_circle
Swamp:2:  layout_falls_marsh, hangedman_swamp_blocks, swamp_pool_3,
          nicolae_swamp_feature_on_the_river_bank
Swamp:3:  layout_basic_swamp, evilmike_swamp_ruin_house_2, uniq_roxanne
Swamp:4:  swamp_basic_johnstein, layout_basic_swamp
Snake:1:  layout_misc_corridors, nicolae_coiled_stairwell_down,
          minmay_shoptagon, serial_bayou_shore_a, uniq_aizul
Snake:2:  layout_onion, special_room, nicolae_triple_integral
Snake:3:  layout_misc_corridors
Snake:4:  grunt_snake_rune_pools, layout_grid_maze, uniq_vashnia
Slime:1:  layout_caves
Slime:2:  layout_caves, nicolae_slime_barrier
Slime:3:  layout_caves
Slime:4:  layout_caves
Slime:5:  slime_pit
Orc:1:    layout_caves, serial_shops, mainiacjoe_minedec_watcher_in_the_water,
          nicolae_orc_lava_tube
Orc:2:    st_orc_rangers, layout_caves, gauntlet_entry_generic,
          portal_ice_cave_entry_pillars_2
Elf:1:    minmay_elf_arrival_summoners, layout_onion_city,
          minmay_elf_demonology, nicolae_elf_altarnating
Elf:2:    nicolae_elf_blades_splatter_lattice
          [nicolae_blade_entry_area_security], layout_loops_corners,
          serial_shops, shop, minmay_fountain_box
Elf:3:    minmay_elf_hall_not_hex, layout_geoelf_octagon,
          ebering_ghost_rock_garden
Vaults:1: grunt_vaults_diagonal, nicolae_vaults_what_the_h,
          nicolae_vaults_sesquioval_fish, st_hourglassy, v_pattern_5,
          nicolae_vaults_closet_pinwheel_3, nicolae_vaults_border_crossing,
          nicolae_vaults_house_1, ontoclasm_vaults_gateway,
          vaults_room_semicircle, nicolae_vaults_tetromino_L_1,
          hangedman_vaults_pinch, nicolae_vaults_specimen_jars,
          nicolae_vaults_variable_pillar_hall, layout_vaults_omnigrid
Vaults:2: minmay_crypt_entry_necro_gods, nicolae_vaults_offset_grid_hallway_3,
          vaults_room_semicircle, vaults_dpeg_diagonal,
          hangedman_vaults_stitches, nicolae_vaults_crenellated_ambush,
          nicolae_vaults_rhombus_5, nicolae_vaults_three_branches,
          vaults_room_fours, nicolae_vaults_little_squares_4,
          vaults_dpeg_spiral, layout_vaults_omnicross
Vaults:3: ontoclasm_vaults_claustrophobia, nicolae_vaults_two_Ls,
          nicolae_vaults_network_quincunx
          [nicolae_vaults_network_quincunx_subvault,
          nicolae_vaults_network_quincunx_subvault,
          nicolae_vaults_network_quincunx_subvault,
          nicolae_vaults_network_quincunx_subvault,
          nicolae_vaults_network_quincunx_subvault], v_misc_1,
          nicolae_vaults_network_square, nicolae_vaults_diagonal_hallway_9,
          v_alt_pattern_6, nicolae_vaults_storage_closets_1,
          hangedman_vaults_cutoff, nicolae_vaults_little_squares_6,
          layout_vaults_maze_bifur
Vaults:4: nicolae_vaults_door_testing_chamber, nicolae_vaults_sesquioval_fish,
          vaults_dpeg_encased_lava, nicolae_vaults_rhombus_5,
          ontoclasm_vaults_ring_small, nicolae_vaults_diagonal_hallway_8,
          nicolae_vaults_ring_of_whatevers, serial_library_hellmonk_open_square,
          layout_vaults_big_room
Vaults:5: serial_shops
Crypt:1:  layout_basic, serial_corexii_hall, corexii_hall_statues_s,
          corexii_hall_statues_l, chequers_hall_statues_corner_a,
          corexii_hall_statues_t, minivault_23
Crypt:2:  layout_chaotic_city
Crypt:3:  church_of_pain_bobbens, layout_chaotic_city,
          tomb_entry_forgotten_bobbens, uniq_xtahua, uniq_sojobo
Tomb:1
Tomb:2
Tomb:3
Depths:1: minmay_fractal_lines_corner, layout_basic, ziggurat_fallback,
          grunt_mini_vestibule, infiniplex_enter_wizlab_glasses, serial_glass,
          glass_columns_c, glass_columns_a, minmay_strange_pillars,
          nicolae_abyss_entry_one_way_or_another, nicolae_sif_muna_condensation
Depths:2: dreamdust_tengu_aerie, layout_cave_pools, hell_entry, minivault_14,
          pan_entry
Depths:3: radiant_caverns_b_rkd, abyss_entry, hell_entry, uniq_frederick
Depths:4: evilmike_zot_entry_diamond, layout_cave_pools,
          minmay_misc_feat_square, pf_hell_entry_tar_river,
          minmay_room_of_horrors, pan_entry, uniq_josephina, uniq_boris
Hell
Dis:1:    layout_subdivisions
Dis:2:    layout_subdivisions, nrook_loot_triangle
Dis:3:    layout_overlapping_boxes
Dis:4:    layout_subdivisions
Dis:5:    layout_jigsaw
Dis:6:    nicolae_dis_hell_towers
Dis:7:    dis_grunt_layers
Geh:1:    layout_gehenna_lava_caves
Geh:2:    layout_gehenna_pools_basic, minmay_fire_ice_demons
Geh:3:    layout_gehenna_lava_caves
Geh:4:    layout_gehenna_lava_caves
Geh:5:    layout_gehenna_pools_triple
Geh:6:    hangedman_generic_boss_arena
Geh:7:    geh_hangedman
Coc:1:    layout_cocytus_delve
Coc:2:    layout_cocytus_delve, nicolae_coc_icebean_singular
          [nicolae_sub_coc_subbean]
Coc:3:    layout_cocytus_water_paths
Coc:4:    layout_cocytus_water_paths
Coc:5:    layout_cocytus_delve, nicolae_hells_seeping_fissure
Coc:6:    layout_ice_bergs
Coc:7:    coc_grunt_cove [coc_grunt_cove_antaeus, coc_grunt_cove_fiend,
          coc_grunt_cove_fiend, coc_grunt_cove_fiend, coc_grunt_cove_fiend]
Tar:1:    layout_grid_maze
Tar:2:    layout_catacombs
Tar:3:    layout_honeycomb, nicolae_tar_honey_chapel
Tar:4:    layout_catacombs
Tar:5:    layout_grid_maze
Tar:6:    layout_honeycomb, nicolae_hells_fiendish_ambush
Tar:7:    tar_minmay_river
Zot:1:    layout_twisted_circle, gammafunk_ghost_tricky_traps,
          regret_index_zotdec_twisting_globes
Zot:2:    layout_onion, regret_index_zotdec_bone_old, grunt_megastairs_4,
          uniq_tiamat
Zot:3:    kennysheep_room_grid, layout_gridlike, ebering_ghost_reflecting_pool
Zot:4:    layout_gridlike
Zot:5:    layout_gridlike

Skill      XL: |  1  2  3  4  5  6  7  8  9 10 11 12 13 14 15 16 17 18 19 20 21 22 23 24 25 26 27 |
---------------+----------------------------------------------------------------------------------+-----
Axes           | 3 4 5 6 8 9 10 12 13 14 15 17 19 20 21 22 27 | 27.0
Fighting       | 4 5 6 7 9 10 12 13 14 15 16 17 18 19 20 21 22 24 27 | 27.0
Dodging        | 2 3 4 5 6 8 9 11 12 13 14 15 24 | 24.8
Armour         | 2 4 6 7 9 10 11 12 13 14 15 16 17 18 19 20 21 23 27 | 27.0
Invocations    | 3 5 9 11 12 13 14 15 16 17 18 19 20 21 22 24 26 27 | 27.0
Shields        | 2 5 7 9 10 12 13 27 | 27.0
Evocations     | 2 4 6 8 9 10 26 | 26.3
Ranged Weapons | 5 9 13 16 18 21 | 21.3
Stealth        | |  4.6

Action                     |  1- 3 |  4- 6 |  7- 9 | 10-12 | 13-15 | 16-18 | 19-21 | 22-24 | 25-27 || total
---------------------------+-------+-------+-------+-------+-------+-------+-------+-------+-------++-------
  Melee: Hand axe          |    24 |   257 |    30 |       |       |       |       |       |       ||   311
         Punch             |       |     5 |     1 |     4 |     5 |       |       |       |       ||    15
         Broad axe         |       |       |   190 |   398 |   810 |   929 |   945 |   978 |  5978 || 10228
         Headbutt          |       |       |       |       |       |       |       |       |    64 ||    64
   Fire: Hand cannon       |       |       |       |       |       |       |    43 |     3 |     2 ||    48
         Greatsling        |       |       |       |       |       |       |       |   397 |   504 ||   901
 Invoke: Recite            |       |       |       |     4 |    20 |    30 |    28 |    48 |    30 ||   160
         Vitalisation      |       |       |       |     3 |    12 |    12 |     8 |    14 |    19 ||    68
         Imprison          |       |       |       |       |     1 |     1 |       |     1 |     3 ||     6
         Sanctuary         |       |       |       |       |       |     1 |     1 |     1 |     3 ||     6
         Cleansing Flame   |       |       |       |       |       |       |       |       |   155 ||   155
         Summon Divine War |       |       |       |       |       |       |       |       |    46 ||    46
         Divine Shield     |       |       |       |       |       |       |       |       |    40 ||    40
         Brand Weapon With |       |       |       |       |       |       |       |       |     1 ||     1
  Evoke: Wand              |     1 |     1 |       |     1 |     9 |    36 |       |     4 |     5 ||    57
         Lightning rod     |       |       |       |       |     6 |    10 |       |       |       ||    16
         Tin of tremorston |       |       |       |       |     2 |     1 |       |     2 |       ||     5
         Phial of floods   |       |       |       |       |     1 |       |       |       |       ||     1
         Phantom mirror    |       |       |       |       |     1 |       |       |       |       ||     1
    Use: Scroll            |     1 |     4 |     7 |    11 |    20 |     4 |     6 |    12 |    39 ||   104
         Potion            |     2 |     8 |     4 |     3 |     8 |     2 |       |     2 |    39 ||    68
   Stab: Sleeping          |     1 |     4 |     6 |     2 |     5 |     3 |       |       |       ||    21
         Distracted        |       |       |     1 |     2 |       |       |       |       |       ||     3
         Confused          |       |       |       |     1 |    15 |    33 |    27 |    18 |    38 ||   132
         Invisible         |       |       |       |     1 |     7 |     1 |     2 |     2 |       ||    13
         Petrified         |       |       |       |     1 |     7 |       |       |       |       ||     8
         Paralysed         |       |       |       |       |     6 |    12 |     6 |     5 |       ||    29
 Armour: Leather armour    |    10 |    91 |       |       |       |       |       |       |       ||   101
         Ring mail         |       |    69 |    87 |       |       |       |       |       |       ||   156
         Scale mail        |       |       |    26 |       |       |       |       |       |       ||    26
         Swamp dragon scal |       |       |    21 |   233 |   464 |   131 |       |       |       ||   849
         Plate armour      |       |       |       |       |       |   504 |   544 |     1 |       ||  1049
         Gold dragon scale |       |       |       |       |       |       |       |   991 |  3456 ||  4447
  Dodge: Dodged            |    14 |   160 |   118 |   264 |   503 |   578 |   467 |   348 |  1423 ||  3875
         Repelled          |       |       |       |       |     7 |    30 |    28 |    28 |    28 ||   121
  Block: Other             |       |    20 |    17 |   110 |    40 |       |       |     2 |       ||   189
         Orb               |       |    14 |    26 |       |       |       |       |       |       ||    40
         Reflection        |       |     1 |       |     2 |    51 |    46 |    65 |    55 |   172 ||   392
         Buckler           |       |       |       |       |   309 |   544 |   480 |   106 |       ||  1439
         Tower shield      |       |       |       |       |       |       |       |  1022 |  7716 ||  8738

Table legend: (Time is in decaauts)
 A = Elapsed time spent in this place.
 B = Non-inter-level travel time spent in this place.
 C = Inter-level travel time spent in this place.
 D = Time resting spent in this place.
 E = Time spent auto-exploring this place.
 F = Levels seen in this place.
 G = Mean time per level.
                   A        B        C        D        E       F      G
               +--------+--------+--------+--------+--------+-----+--------+
         Total | 103473 |  95898 |   7575 |  19224 |  53738 | 110 |  940.7 |
       Dungeon |  19363 |  16201 |   3162 |   2551 |  10486 |  15 | 1290.9 |
        Temple |     69 |     15 |     54 |      0 |      0 |   1 |   69.0 |
          Lair |   8366 |   7572 |    794 |   2523 |   3847 |   5 | 1673.2 |
         Swamp |   3967 |   3782 |    185 |    652 |   2365 |   4 |  991.8 |
     Snake Pit |   5139 |   4953 |    186 |   1179 |   2992 |   4 | 1284.8 |
    Slime Pits |   2941 |   2845 |     96 |    979 |   1161 |   5 |  588.2 |
  Orcish Mines |   2178 |   2075 |    103 |    480 |   1198 |   2 | 1089.0 |
   Elven Halls |   4743 |   4572 |    171 |    448 |   3067 |   3 | 1581.0 |
        Vaults |  10207 |   9487 |    720 |   1674 |   5973 |   5 | 2041.4 |
         Crypt |   2995 |   2809 |    186 |      0 |   2039 |   3 |  998.3 |
          Tomb |   1129 |   1000 |    129 |     71 |    545 |   3 |  376.3 |
        Depths |   6114 |   5414 |    700 |   1163 |   2710 |   4 | 1528.5 |
          Hell |    588 |    493 |     95 |      0 |    269 |   1 |  588.0 |
           Dis |   4028 |   3953 |     75 |    545 |   2058 |   7 |  575.4 |
       Gehenna |   3038 |   2967 |     71 |   1063 |   1091 |   7 |  434.0 |
       Cocytus |   5294 |   5169 |    125 |   2119 |   1875 |   7 |  756.3 |
      Tartarus |   5732 |   5635 |     97 |    633 |   3862 |   7 |  818.9 |
           Zot |   8476 |   7857 |    619 |   1669 |   4126 |   5 | 1695.2 |
         Abyss |    942 |    942 |      0 |    134 |    311 |   7 |  134.6 |
   Pandemonium |   5518 |   5518 |      0 |    296 |   3087 |  11 |  501.6 |
         Trove |    101 |    101 |      0 |      0 |     21 |   1 |  101.0 |
      Ice Cave |    171 |    171 |      0 |     77 |      0 |   1 |  171.0 |
        Wizlab |   1703 |   1703 |      0 |    877 |    328 |   1 | 1703.0 |
      Gauntlet |    658 |    658 |      0 |     87 |    325 |   1 |  658.0 |
               +--------+--------+--------+--------+--------+-----+--------+

Top non-repeatable levels by time:
   Coc:7: 3632 daAuts
   Tar:7: 3421 daAuts
Vaults:1: 2731 daAuts
   Geh:7: 2329 daAuts
  Lair:1: 2166 daAuts
Depths:3: 2134 daAuts
Vaults:3: 2116 daAuts
  Lair:5: 2090 daAuts
   Zot:1: 2075 daAuts
     D:5: 2025 daAuts
Vaults:5: 1996 daAuts
 Snake:4: 1984 daAuts
   Elf:3: 1938 daAuts
   Dis:7: 1925 daAuts
     D:4: 1903 daAuts
